 Dungeon Crawl Stone Soup version 0.28.0 (webtiles) character file.

Game seed: 10936358112736491708

56 Dirian the Skirmisher (level 3, -3/33 HPs)
             Began as a Hill Orc Fighter on Feb 14, 2022.
             Slain by a +2 dire flail of freezing (9 damage)
             ... created by the rancor of the Wu Jian Council
             ... on level 2 of the Dungeon.
             The game lasted 00:02:03 (1185 turns).

Dirian the Skirmisher (Hill Orc Fighter)            Turns: 1185, Time: 00:02:03

Health: -3/33      AC:  7    Str: 18    XL:     3   Next: 95%
Magic:  3/3        EV:  9    Int:  8    God:
Gold:   110        SH:  0    Dex: 12    Spells: 2/2 levels left

rFire   . . .      SeeInvis .   a - +0 war axe
rCold   . . .      Faith    .   c - +0 buckler
rNeg    . . .      Spirit   .   b - +0 scale mail
rPois   .          Reflect  .   (no helmet)
rElec   .          Harm     .   (no cloak)
rCorr   .          Rampage  .   (no gloves)
Will    .....                   (no boots)
Stlth   ..........              (no amulet)
HPRegen 0.11/turn               (no ring)
MPRegen 0.08/turn               (no ring)

@: confused, slowed, very slow
A: no striking features
a: no special abilities


You were on level 2 of the Dungeon.
You visited 1 branch of the dungeon, and saw 2 of its levels.

You collected 110 gold pieces.

Inventory:

Hand Weapons
 a - a +0 war axe (weapon)
Armour
 b - a +0 scale mail (worn)
 c - a +0 buckler (worn)
Potions
 d - a potion of might
 e - 4 potions of curing {unknown}
 f - a potion of resistance {unknown}
 g - a potion of haste {unknown}
 h - a potion of degeneration {unknown}
 i - a potion of ambrosia {unknown}


   Skills:
 + Level 4.1 Fighting
 * Level 4.0 Axes
 + Level 3.7 Armour
 + Level 3.7 Shields


You had 2 spell levels left.
You didn't know any spells.
Your spell library contained the following spells:

 Spells                   Type           Power      Damage    Failure   Level
 Static Discharge         Conj/Air       0%         N/A       95%         2
 Lightning Bolt           Conj/Air       0%         1d11      100%        5
 Maxwell's Capacitive Co  Air            0%         ∞         100%        8


Dungeon Overview and Level Annotations

Branches:
Dungeon (2/15)

Altars:
Wu Jian

Shops:
D:1 [   D:2 ?


Message History

Items here: )) †††.
You slash Robin!
Robin is severely wounded.
You slash the goblin!
You kill the goblin!
The hobgoblin no longer looks unusually strong.
Robin roars a battlecry!
The hobgoblin goes into a battle-frenzy!
Robin hits you with a +2 vorpal spear.
You hit Robin but do no damage.
Robin is severely wounded.
Robin roars a battlecry!
You closely miss Robin.
Robin is severely wounded.
You slash the hobgoblin!
You kill the hobgoblin!
You hit Robin. Robin barely misses you. Robin hits you with a +2 vorpal spear.
* * * LOW HITPOINT WARNING * * *
x2 You barely miss the hobgoblin.
You hit Robin.
You kill Robin!
The hobgoblin barely misses you.
Your Axes skill increases to level 4!
You slash the hobgoblin!
You kill the hobgoblin!
There is an open door, spattered with blood here.
Items here: ( ))) †.
You enter the shallow water.
Moving in this stuff is going to be slow.
h - a lumpy grey potion
i - a murky ruby potion
e - 4 bubbling silvery potions (gained 1) Sifu Yunchang whispers: Nowhere to run...
The divine experience confuses you!
You are confused. 5 dancing weapons come into view.
There is a +0 vorpal great sword.
There is a +3 vorpal rapier.
There is a +0 vorpal dire flail.
There is a +2 dire flail of freezing.
There is a +2 vorpal rapier.
You're too confused to move!
The +3 vorpal rapier hits you. The +0 vorpal dire flail hits you.
* * * LOW HITPOINT WARNING * * *
x2 The +2 dire flail of freezing hits you!
You die...

....................#
#.#####.#..#####..#.#
..................#.#
........#..##.##..#.#
#########.#.........#)#
#≈≈≈≈≈≈≈###.†##.#...#.# .#
#≈.....≈#.)...........# ........#
#≈.(.((≈#)#.........### .#.#.....
#≈..((@≈#)#..##.#.#.# # .. .....#
#≈.....≈))#..##.#.#.# # .#
#..#.###≈.....≈#.#.........# # .#
#..#...#≈.....≈#....######∩# # .#
#..#.###≈≈≈≈≈≈≈#.#..######.### )#
#......#########.............)
.###........#......##.....†##.###
........##.##.......#......#### #
.######.##.##.......#..)...######


You could see 5 dancing weapons.

Vanquished Creatures
  Robin (D:2)
  4 endoplasms
  A giant cockroach (D:2)
  11 goblins
  6 hobgoblins
  5 kobolds
  3 quokkas
  3 ball pythons
  A bat (D:2)
  3 frilled lizards
  2 rats
40 creatures vanquished.

Notes
Turn   | Place    | Note
-------+----------+-------------------------------------------
     0 | D:1      | Dirian the Hill Orc Fighter began the quest for the Orb.
     0 | D:1      | Reached XP level 1. HP: 19/19 MP: 1/1
   169 | D:1      | Reached XP level 2. HP: 20/27 MP: 2/2
   610 | D:1      | Found Uxeisch's Armour Shoppe.
   674 | D:1      | Found a faded altar of an unknown god.
   725 | D:1      | Prayed at the altar of an unknown god.
   725 | D:1      | Became a worshipper of the Wu Jian Council
   725 | D:1      | Reached * piety under Wu Jian
   726 | D:1      | Fell from the grace of Wu Jian
   885 | D:2      | Reached XP level 3. HP: 27/33 MP: 3/3
   963 | D:2      | Found Gidutyss's Magic Scroll Shoppe.
  1065 | D:2      | Noticed Robin
  1085 | D:2      | Killed Robin
  1183 | D:2      | Noticed a +0 vorpal great sword
  1183 | D:2      | Noticed a +3 vorpal rapier
  1183 | D:2      | Noticed a +0 vorpal dire flail
  1183 | D:2      | Noticed a +2 dire flail of freezing
  1183 | D:2      | Noticed a +2 vorpal rapier
  1185 | D:2      | Slain by a +2 dire flail of freezing

Illustrated notes

Levels and vault maps discovered:
D:1:      lightli_arrival_maybe_door_vault, layout_loops_cross, serial_shops,
          nicolae_shop_stone, shapermc_ecumenical_altar_mp_vishouse,
          minmay_stone_trees_small
D:2:      layout_basic, serial_shops, shop, st_stairs_2, dk_vineyard_1,
          minmay_cut_off, uniq_jessica, uniq_crazy_yiuf_cottage, uniq_robin

Skill      XL: |  1  2  3 |
---------------+----------+-----
Axes           | 3 4 |  4.0
Fighting       | 4 |  4.1
Armour         | |  3.7
Shields        | |  3.7

Action                   || total
-------------------------++-------
Melee: War axe           ||    79
Invok: Renounce Religion ||     1
Armor: Scale mail        ||    35
Dodge: Dodged            ||    39
Block: Buckler           ||    13
